 Dungeon Crawl Stone Soup version 0.28-a0-1493-g08698888e4 (webtiles) character file.

Game seed: 8243155124624959777

43104 squill the Cleaver (level 14, -8/111 HPs)
             Began as a Hill Orc Conjurer on Jan 13, 2022.
             Was a High Priest of Hepliaklqana.
             Mangled by a death yak (39 damage)
             ... on level 5 of the Lair of Beasts.
             The game lasted 01:51:56 (29717 turns).

squill the Cleaver (Hill Orc Conjurer)             Turns: 29717, Time: 01:51:56

Health: -8/111     AC: 13    Str: 11    XL:     14   Next: 22%
Magic:  12/25      EV:  2    Int: 22    God:    Hepliaklqana [*****.]
Gold:   1115       SH:  0    Dex:  9    Spells: 8/27 levels left

rFire   + . .      SeeInvis .   r - +8 war axe (flame)
rCold   . . .      Faith    .   (no shield)
rNeg    . . .      Spirit   .   q - +2 ring mail {rF+}
rPois   .          Reflect  .   k - +2 helmet
rElec   .          Harm     .   (no cloak)
rCorr   +          Rampage  .   (no gloves)
Will    +....                   n - +0 pair of boots
Stlth   +.........              (no amulet)
HPRegen 0.28/turn               d - ring of flight
MPRegen 0.19/turn               B - ring of resist corrosion

@: sleeping, flying
A: reduced essence
a: Renounce Religion, Recall Ancestor, Ancestor Identity, Transference, Idealise


You were on level 5 of the Lair of Beasts.
You worshipped Hepliaklqana.
Hepliaklqana was extremely pleased with you.
You visited 4 branches of the dungeon, and saw 20 of its levels.

You collected 1595 gold pieces.
You spent 480 gold pieces at shops.

Inventory:

Hand Weapons
 g - a +0 hand axe of flaming
 r - a +8 war axe of flaming (weapon)
Missiles
 w - a throwing net
Armour
 c - the +2 ring mail of Oneo {*Corrode rPois rF+}
   (You bought it in a shop on level 2 of the Orcish Mines)

   rF:        It protects you from fire.
   rPois:     It protects you from poison.
   *Corrode:  It may corrode you when you take damage.
 k - a +2 helmet (worn)
 n - a +0 pair of boots (worn)
 q - a +2 ring mail of fire resistance (worn)
 A - the +1 plate armour of Grace {rPois}
   (You found it on level 9 of the Dungeon)

   rPois:     It protects you from poison.
Jewellery
 d - a ring of flight (left hand)
 l - a ring of willpower
 v - an amulet of guardian spirit
 B - a ring of resist corrosion (right hand)
Wands
 y - a wand of flame (30)
 C - a wand of iceblast (12)
 D - a wand of acid (5)
 F - a wand of polymorph (5)
Scrolls
 a - 11 scrolls of identify
 e - a scroll of fog
 h - 2 scrolls of fear
 m - 2 scrolls of teleportation
 z - 2 scrolls of blinking
Potions
 b - 2 potions of might
 f - 4 potions of curing
 j - 3 potions of brilliance
 o - a potion of flight
 p - 2 potions of cancellation
 s - a potion of mutation
 x - 2 potions of haste
 E - a potion of heal wounds
 G - a potion of lignification


   Skills:
 + Level 11.1 Fighting
 + Level 12.0 Axes
 + Level 7.8 Armour
 + Level 4.0 Dodging
 - Level 3.7 Stealth
 + Level 7.3 Spellcasting
 + Level 10.3 Conjurations
 + Level 8.0 Air Magic
 - Level 8.4 Invocations
 - Level 6.3 Evocations


You had 8 spell levels left.
You knew the following spells:

 Your Spells              Type           Power      Damage    Failure   Level
a - Magic Dart            Conj           100%       1d8       1%          1
b - Searing Ray           Conj           100%       2d8       1%          2
c - Static Discharge      Conj/Air       48%        N/A       1%          2
d - Swiftness             Air            43%        N/A       1%          3
e - Lightning Bolt        Conj/Air       24%        1d39      11%         5
f - Conjure Ball Lightni  Conj/Air       24%        3x3d7     50%         6

Your spell library contained the following spells:

 Spells                   Type           Power      Damage    Failure   Level
 Corpse Rot               Necr/Air       50%        N/A       4%          2
 Mephitic Cloud           Conj/Pois/Air  35%        N/A       4%          3
 Dazzling Flash           Conj/Hex       60%        N/A       6%          3
 Sting                    Tmut/Pois      32%        1d4       16%         1
 Fulminant Prism          Conj/Hex       15%        3d11      19%         4
 Iskenderun's Mystic Bla  Conj/Tloc      30%        2d8       19%         4
 Sticky Flame             Conj/Fire      30%        2d5       19%         4
 Ensorcelled Hibernation  Hex/Ice        16%        N/A       24%         2
 Passwall                 Tmut/Erth      6%         N/A       24%         2
 Freezing Cloud           Conj/Ice/Air   17%        6-21      36%         5
 Ignite Poison            Fire/Tmut/Pois 8%         N/A       43%         3
 Ozocubu's Armour         Ice            8%         N/A       43%         3
 Spider Form              Tmut/Pois      8%         N/A       43%         3
 Silence                  Hex/Air        12%        N/A       65%         5
 Dispel Undead            Necr           8%         3d8       85%         4
 Leda's Liquefaction      Hex/Erth       4%         N/A       85%         4
 Passage of Golubria      Tloc           8%         N/A       85%         4
 Lee's Rapid Deconstruct  Erth           4%         3d6*      99%         5
 Eringya's Noxious Bog    Tmut/Pois      4%         N/A       100%        6
 Statue Form              Tmut/Erth      5%         N/A       100%        6
 Spellforged Servitor     Conj/Summ      15%        N/A       100%        7
 Lehudib's Crystal Spear  Conj/Erth      15%        10d5      100%        8
 Maxwell's Capacitive Co  Air            21%        ∞         100%        8


Dungeon Overview and Level Annotations

Branches:
Dungeon (12/15)            Temple (1/1) D:5            Lair (5/6) D:11
  Swamp (0/4) Lair:2        Slime (0/5) Lair:5          Orc (2/2) D:10
    Elf (0/3) Orc:2
 Shoals: Lair:2-4     Snake: Lair:2-4    Spider: Lair:2-4

Altars:
Ashenzari
Cheibriados
Dithmenos
Elyvilon
Fedhas
Gozag
Hepliaklqana
Kikubaaqudgha
Makhleb
Nemelex Xobeh
Okawaru
Qazlal
Ru
Sif Muna
Trog
Uskayaw
Vehumet
Wu Jian
Xom
Yredelemnul
Zin
The Shining One

Shops:
D:7 !   D:8 =   D:10 !   Orc:1 (   Orc:2 [?*[

Portals:
Trove: D:11 (give +5 demon trident)

Annotations:
D:5 3 runed translucent doors, shadowrider38's ghost, novice DrTm
D:6 1 transporter
Lair:4 Rupert


Message History

You start resting.
You feel sick. x4
You are no longer poisoned.
You start resting.
A black mamba comes into view.
You start resting.
You feel yourself speed up.
Casting: Searing Ray (safe; 1% risk of failure)
Confirm with . or Enter, or press ? or * to list all spells.
Aiming: Lightning Bolt (dangerous; 11% risk of failure)
Press: ? - help, Shift-Dir - straight line You hear a mighty clap of thunder!
Xiuhtonal avoids your attack.
The bolt of lightning misses the black mamba.
The bolt of lightning hits the black mamba!!
The black mamba is almost dead.
You hear an angry hiss.
You hear a bellow! x8; You hear a howl!
You hear a bellow! x2; You hear a howl!
You hear a bellow! x2
You hear an angry growl.
You hear a roar! x2; You hear a bleat!
You hear a croak.
You hear a bleat!
You hear a shout!
The black mamba bites Xiuhtonal!
Xiuhtonal hits the black mamba with a +0 dagger of draining.
The black mamba dies!
You start resting.
A death yak comes into view.
A death yak comes into view.
The death yak moves out of view.
You recover from your berserk rage.
A dream sheep comes into view.
The dream sheep moves out of view.
Found 19 stones.
A dream sheep comes into view.
A seven-headed hydra comes into view.
The seven-headed hydra roars!
A dream sheep comes into view.
You hear the faint crackling of a melting archway nearby.
Found 20 arrows.
The dream sheep shake their wool and sparkle.
You feel drowsy...
You fall asleep.
The death yak gores you!!!
You die...

#.#.#8.<.8#..........,,,,,,,,
####......##......#,,,,,,,,,,
*#...#.8..##.....###*,,,,,,,,
#....##.#..#....Y..#..Y,,,,,,
*#......................,,,,,,
#P......................,,,,,,
##P......P........Y...(.,,,,,,
*.......#.P.YR..........,,,,,,
##......##...@....D#.#..,,,,,,
**,...,#P.........##.D.,,,,,,
*,....PP........##*#..,,,,,,
*,,,...P.........# *..,,,,,,
*,,,(..P........## ***,,,,,,
*,,,P..#..##.#.#.# **,,,,,
****######**###### *,,,**,
*,***** ***


You could see the friendly Xiuhtonal the hexer, a death yak, a seven-headed
hydra and 2 dream sheep.

Vanquished Creatures
  The ghost of DrKleor the Prestidigitator, a journeyman DsFi of Okawaru (Orc:1)
  2 hydras
  A boulder beetle (D:11)
  2 two-headed ogres
  2 orc high priests (Orc:2)
  Nergalle (Lair:1)
  A flayed ghost (D:9)
  2 bog bodies (Lair:2)
  Pikel (D:9)
  6 orc knights
  2 cyclopes
  A manticore (D:12)
  Maurice (Orc:2)
  A black mamba (Lair:5)
  A gargoyle (D:11)
  2 komodo dragons
  5 cane toads
  3 rime drakes
  A kobold demonologist (D:10)
  2 trolls
  A guardian mummy (D:11)
  A hornet (D:7)
  Grinder (D:4)
  3 dream sheep (Lair:4)
  11 blink frogs
  2 wyverns (Lair:1)
  2 wraiths
  A basilisk (Lair:2)
  2 shadows (D:10)
  24 yaks
  2 redbacks (Lair:4)
  3 wargs
  9 water moccasins
  19 orc warriors
  6 black bears
  3 ogres (Orc:2)
  7 wolves
  6 centaurs
  A lemure (D:9)
  A phantom (D:10)
  2 kobold brigands (D:9)
  7 bullfrogs
  2 gnoll sergeants
  3 scorpions (D:5)
  3 water moccasin skeletons
  A troll zombie (D:10)
  13 wights
  6 howler monkeys
  3 electric eels
  A centaur zombie (D:10)
  A jelly (D:5)
  4 hounds (D:5)
  22 orc priests
  A centaur skeleton (D:3)
  A bullfrog skeleton (D:2)
  7 hell rats (Lair:2)
  Ijyb (D:4)
  3 hexers
  4 iguanas
  A scorpion zombie (D:3)
  8 orc wizards
  6 ogre zombies (D:10)
  2 hound skeletons
  8 gnolls
  10 adders
  2 shadow imps
  A white imp (D:7)
  An ufetubus (D:5)
  An adder zombie (D:3)
  3 adder skeletons
  A dart slug (D:4)
  61 orcs
  3 endoplasms
  4 giant cockroaches
  3 goblins
  11 hobgoblins
  18 kobolds
  4 quokkas
  6 ball pythons
  6 bats
  3 frilled lizards
  A goblin skeleton (D:10)
  2 goblin zombies (D:10)
  2 hobgoblin skeletons (D:10)
  A hobgoblin zombie (D:10)
  2 orc skeletons (D:10)
  12 orc zombies (D:10)
  3 rats (D:2)
414 creatures vanquished.

Vanquished Creatures (collateral kills)
  A catoblepas (Lair:3)
  A two-headed ogre (Orc:1)
  2 orc high priests (Orc:2)
  An orc knight (Orc:2)
  A cyclops (D:12)
  An elephant (Lair:1)
  A black mamba (Lair:5)
  A cane toad (Lair:2)
  A rime drake (Lair:2)
  2 komodo dragons (Lair:3)
  Prince Ribbit (Lair:3)
  4 blink frogs
  A dream sheep (Lair:4)
  2 jumping spiders (Lair:4)
  10 yaks
  2 redbacks
  A warg (Orc:2)
  An acid dragon (D:10)
  A swamp worm (Lair:2)
  13 orc warriors
  A black bear (Lair:1)
  2 wolves
  A phantom (D:10)
  2 kobold brigands
  3 bullfrogs
  A scorpion (D:11)
  3 wights
  An electric eel (Lair:2)
  3 orc priests
  A gnoll shaman (D:6)
  An iguana (D:7)
  3 orc wizards
  An ogre zombie (D:10)
  3 gnolls
  9 orcs
  2 kobolds
  An orc skeleton (D:10)
  4 orc zombies (D:10)
90 creatures vanquished.

Vanquished Creatures (others)
  An orc high priest (Orc:2)
  An orc priest (D:10)
  17 hexers
  2 ancestors
  An orc (D:11)
  A kobold (D:10)
  68 fungi
  87 plants
  5 withered plants (D:3)
183 creatures vanquished.

Grand Total: 687 creatures vanquished

Notes
Turn   | Place    | Note
-------+----------+-------------------------------------------
     0 | D:1      | squill the Hill Orc Conjurer began the quest for the Orb.
     0 | D:1      | Reached XP level 1. HP: 14/14 MP: 3/3
   367 | D:1      | Reached XP level 2. HP: 20/20 MP: 2/4
   416 | D:1      | Reached skill level 1 in Armour
   901 | D:1      | Learned a level 2 spell: Searing Ray
   949 | D:1      | Found a faded altar of an unknown god.
   956 | D:1      | Got Plato's Guide on Venom
  1216 | D:2      | Reached XP level 3. HP: 27/27 MP: 1/5
  1279 | D:2      | Reached skill level 1 in Fighting
  1323 | D:2      | Reached skill level 1 in Axes
  1328 | D:2      | Reached XP level 4. HP: 35/35 MP: 0/6
  1844 | D:2      | Reached skill level 2 in Axes
  1844 | D:2      | Reached XP level 5. HP: 24/41 MP: 1/8
  2392 | D:3      | Reached XP level 6. HP: 48/50 MP: 4/9
  2407 | D:3      | Reached skill level 3 in Axes
  2724 | D:3      | Reached skill level 5 in Conjurations
  3698 | D:4      | Noticed Grinder
  3742 | D:4      | Killed Grinder
  3743 | D:4      | Reached skill level 4 in Axes
  3743 | D:4      | Reached XP level 7. HP: 40/58 MP: 0/11
  4018 | D:4      | Noticed Ijyb
  4033 | D:4      | Killed Ijyb
  5331 | D:5      | Entered Level 5 of the Dungeon
  5418 | D:5      | Found a staircase to the Ecumenical Temple.
  5423 | Temple   | Entered the Ecumenical Temple
  5530 | Temple   | Became a worshipper of Hepliaklqana the Forgotten
  5730 | D:5      | Reached XP level 8. HP: 67/67 MP: 1/12
  5772 | D:5      | Reached skill level 5 in Axes
  6576 | D:5      | Found a bloodstained altar of Trog.
  6576 | D:5      | Found an iron altar of Okawaru.
  6644 | D:5      | Found a runed translucent gate.
  6644 | D:5      | Found a runed translucent gate.
  6644 | D:5      | Found a runed translucent gate.
  6646 | D:5      | Noticed shadowrider38's ghost (novice DrTm)
  6768 | D:5      | Reached skill level 5 in Fighting
  7087 | D:6      | Reached * piety under Hepliaklqana
  7424 | D:6      | Reached skill level 5 in Armour
  7504 | D:6      | Found a sparkling altar of Nemelex Xobeh.
  7504 | D:6      | Found a transporter.
  7504 | D:6      | Noticed a boulder beetle
  7505 | D:6      | Noticed a troll
  7526 | D:6      | Reached skill level 6 in Axes
  8282 | D:7      | Reached XP level 9. HP: 66/66 MP: 8/15
  8327 | D:7      | Noticed a hornet
  8333 | D:7      | Paralysed by a hornet for 1 turns
  8337 | D:7      | Killed a hornet
  9176 | D:7      | Reached skill level 7 in Axes
  9235 | D:7      | Reached ** piety under Hepliaklqana
  9236 | D:7      | Remembered your ancestor Xiuhtonal as a hexer
  9354 | D:7      | Found Synac's Distillery.
  9419 | D:7      | Found a shadowy altar of Dithmenos.
  9477 | D:8      | Learned a level 2 spell: Static Discharge
  9481 | D:8      | Learned a level 3 spell: Swiftness
  9487 | D:8      | Learned a level 5 spell: Lightning Bolt
  9525 | D:8      | Found Ozegihas's One-of-a-Kind Rings.
  9652 | D:8      | Reached skill level 1 in Air Magic
  9652 | D:8      | Reached skill level 1 in Invocations
  9781 | D:8      | Reached skill level 1 in Evocations
 10131 | D:8      | Noticed a komodo dragon
 10384 | D:9      | Reached XP level 10. HP: 68/75 MP: 12/17
 10460 | D:9      | Noticed a flayed ghost
 10474 | D:9      | Killed a flayed ghost
 10512 | D:9      | Identified the +1 plate armour of Grace {rPois}
 10600 | D:9      | Noticed Pikel
 10618 | D:9      | Killed Pikel
 10628 | D:9      | Reached skill level 8 in Axes
 10750 | D:9      | Reached skill level 5 in Spellcasting
 11155 | D:9      | Reached *** piety under Hepliaklqana
 11296 | D:10     | Entered Level 10 of the Dungeon
 11328 | D:10     | Identified the +2 scale mail of the Butcher {rElec rF-
                  | Int-5 Slay+5}
 11339 | D:10     | Found Goxzaer's Distillery.
 11617 | D:10     | Got Miestep's Guide on Contamination and the Birds
 11976 | D:10     | Found a staircase to the Orcish Mines.
 12188 | D:10     | Noticed a kobold demonologist
 12441 | D:10     | Killed a kobold demonologist
 12455 | D:10     | Reached XP level 11. HP: 79/83 MP: 6/18
 13091 | D:10     | Noticed a two-headed ogre
 13102 | D:10     | Killed a two-headed ogre
 13671 | D:11     | Noticed a cyclops
 13682 | D:11     | Killed a cyclops
 13683 | D:11     | Reached skill level 5 in Invocations
 13860 | D:11     | Reached **** piety under Hepliaklqana
 14121 | D:11     | Reached skill level 9 in Axes
 14480 | D:11     | Found a staircase to the Lair.
 14645 | D:11     | Found a portal to a secret trove of treasure.
 14733 | D:11     | Reached skill level 5 in Air Magic
 15135 | Lair:1   | Entered Level 1 of the Lair of Beasts
 15554 | D:11     | Noticed a boulder beetle
 16221 | D:12     | Noticed a cyclops
 16229 | D:12     | Killed a cyclops
 16435 | D:12     | Noticed a manticore
 16443 | D:12     | Killed a manticore
 16505 | D:12     | Noticed a two-headed ogre
 16515 | D:12     | Killed a two-headed ogre
 16599 | D:12     | Noticed a skeletal warrior
 16915 | Orc:1    | Entered Level 1 of the Orcish Mines
 16915 | Orc:1    | Found Cizom's Weapon Emporium.
 16921 | Orc:1    | Reached XP level 12. HP: 85/92 MP: 15/20
 17079 | Orc:1    | Found a runed translucent door.
 17082 | Orc:1    | Noticed DrKleor's ghost (journeyman DsFi)
 17173 | Orc:1    | Killed DrKleor's ghost
 17177 | Orc:1    | Got the Almanac of Glacial Arcane Weapons
 17356 | Orc:2    | Entered Level 2 of the Orcish Mines
 17474 | Orc:2    | Found a staircase to the Elven Halls.
 17859 | Orc:1    | Noticed a two-headed ogre
 17867 | Orc:1    | Killed a two-headed ogre
 17868 | Orc:1    | Reached skill level 5 in Evocations
 18084 | Orc:1    | Reached skill level 10 in Axes
 18795 | Orc:2    | Noticed an orc high priest
 19148 | Orc:2    | Killed an orc high priest
 19390 | Orc:2    | Noticed Maurice
 19401 | Orc:2    | Killed Maurice
 19438 | Orc:2    | HP: 2/94 [orc warrior/boomerang (7)]
 20736 | Orc:2    | Noticed an orc high priest
 20746 | Orc:2    | Killed an orc high priest
 20747 | Orc:2    | Noticed an orc high priest
 20753 | Orc:2    | Killed an orc high priest
 21567 | Orc:2    | Noticed an orc high priest
 21577 | Orc:2    | Killed an orc high priest
 21583 | Orc:2    | Reached XP level 13. HP: 91/100 MP: 13/22
 23355 | Orc:2    | Found Qoihim's Antique Armour Boutique.
 23355 | Orc:2    | Found Deravaj's General Store.
 23356 | Orc:2    | Found Ywnaemna's Magic Scroll Shop.
 23356 | Orc:2    | Found Takaokkess's Armour Boutique.
 23368 | Orc:2    | Bought a scroll of identify for 30 gold pieces
 23368 | Orc:2    | Bought a scroll of identify for 30 gold pieces
 23371 | Orc:2    | Bought a scroll of identify for 28 gold pieces
 23371 | Orc:2    | Bought 3 scrolls of identify for 84 gold pieces
 23371 | Orc:2    | Bought a scroll of identify for 28 gold pieces
 23371 | Orc:2    | Bought a scroll of identify for 28 gold pieces
 23378 | Orc:2    | Bought a shimmering ring mail for 252 gold pieces
 23378 | Orc:2    | Identified the +2 ring mail of Oneo {*Corrode rPois rF+}
                  | (You bought it in a shop on level 2 of the Orcish Mines)
 23793 | D:11     | Reached skill level 10 in Fighting
 24654 | Lair:1   | Noticed Nergalle
 24663 | Lair:1   | Killed Nergalle
 24664 | Lair:1   | Reached skill level 11 in Axes
 24932 | Lair:1   | Learned a level 6 spell: Conjure Ball Lightning
 26867 | Lair:2   | Reached skill level 10 in Conjurations
 27024 | Lair:2   | Found a staircase to the Swamp.
 28517 | Lair:3   | Reached ***** piety under Hepliaklqana
 28590 | Lair:3   | Noticed Prince Ribbit
 28601 | Lair:3   | Reached XP level 14. HP: 102/109 MP: 24/24
 28601 | Lair:3   | Killed Prince Ribbit
 29204 | Lair:4   | Noticed Rupert
 29570 | Lair:4   | HP: 5/111 [jumping spider (8)]
 29592 | Lair:4   | Reached skill level 12 in Axes
 29717 | Lair:5   | Mangled by a death yak

Illustrated notes

Levels and vault maps discovered:
D:1:      wander_arrival_peaceful_grave, layout_rooms,
          shapermc_ecumenical_altar_rom_forum
D:2:      layout_basic
D:3:      layout_loops_corners, serial_undead, serial_undead_f, serial_undead_b,
          serial_undead_c, serial_undead_c, serial_undead_f, serial_undead_f
D:4:      layout_basic, uniq_grinder, uniq_ijyb
D:5:      layout_loops_ring, grunt_temple_overflow_bloody_war,
          minmay_temple_entry_glassed_door, ebering_ghost_rock_garden,
          kennysheep_potato
D:6:      layout_gridville, grunt_nemelex_the_gamble, minmay_crystal_water,
          nicolae_fountain_basement
D:7:      layout_cave_pools, grunt_dithmenos_smoke_and_mirrors, serial_shops,
          kennysheep_little_box
D:8:      layout_basic, nicolae_shop_unique_rings,
          onia_ninara_dug_in_and_dangerous
D:9:      layout_cave_pools, kennysheep_just_a_vault, uniq_pikel
D:10:     layout_irregular_city, zombieorc2_lemuel, serial_shops,
          nicolae_shop_behind_doors, serial_co_window_serial, co_window_paths_b,
          co_window_corner_a, co_window_paths_a, co_window_of_opportunity_a,
          co_window_paths_a, co_window_paths_a, co_window_paths_b,
          co_window_corner_a, co_window_corner_a, co_window_cross_3,
          co_window_corner_ca, co_window_unsneaky_path_d, co_window_paths_d,
          glass_columns_b, glass_columns_b, glass_columns_a, glass_columns_a,
          small_statue_alley_b, roderic_serpentine_path
D:11:     layout_basic, due_lair_maze_entry_diamond,
          nicolae_trove_entry_path_of_doom
D:12:     layout_stronghold, serial_shops, shop
Temple:   mainiacjoe_temple_coin_purse
Lair:1:   layout_concentric_octagons, st_stairs_11, wad_woods_river_01,
          uniq_nergalle
Lair:2:   layout_hall_layers, nicolae_swamp_entry_splash_gauntlet,
          serial_bayou_shore_b
Lair:3:   layout_cave_pods, uniq_prince_ribbit2
Lair:4:   wander_river, layout_misc_corridors,
          nicolae_spider_entry_tight_spaces, infiniplex_staircase_pool_2,
          uniq_rupert
Lair:5:   layout_gridlike, nicolae_slime_entry_slimehenge,
          portal_ice_cave_demonic_guard, grunt_megastairs_1, uniq_urug
Orc:1:    layout_diamond_mine, ebering_ghost_inner_flame, serial_shops, shop
Orc:2:    st_orc_pillars, layout_diamond_mine, uniq_maurice

Skill      XL: |  1  2  3  4  5  6  7  8  9 10 11 12 13 14 |
---------------+-------------------------------------------+-----
Armour         | 1 2 3 4 5 6 7 |  7.8
Fighting       | 1 2 3 4 5 6 7 8 9 10 11 | 11.1
Axes           | 1 2 4 6 7 8 9 10 11 12 | 12.0
Spellcasting   | 2 3 4 5 6 7 |  7.3
Conjurations   | 5 6 7 8 9 10 | 10.3
Air Magic      | 2 3 5 7 8 |  8.0
Invocations    | 2 4 6 7 8 |  8.4
Stealth        | 2 3 |  3.7
Evocations     | 1 3 4 5 6 |  6.3
Dodging        | 3 4 |  4.0

Action                   |  1- 3 |  4- 6 |  7- 9 | 10-12 | 13-15 || total
-------------------------+-------+-------+-------+-------+-------++-------
Melee: Unarmed           |     1 |       |       |       |       ||     1
       Hand axe          |    19 |    32 |    48 |       |       ||    99
       Punch             |       |     1 |       |     1 |     7 ||     9
       War axe           |       |       |    29 |   275 |   296 ||   600
 Cast: Magic Dart        |    41 |    33 |    40 |    67 |    26 ||   207
       Searing Ray       |     1 |    20 |    66 |   126 |    23 ||   236
       Static Discharge  |       |       |       |    15 |     3 ||    18
       Lightning Bolt    |       |       |       |     1 |    18 ||    19
       Swiftness         |       |       |       |     1 |       ||     1
Invok: Recall Ancestor   |       |       |     1 |     7 |     1 ||     9
       Ancestor Life: He |       |       |     1 |       |       ||     1
       Transference      |       |       |       |     1 |       ||     1
       Idealise          |       |       |       |     2 |       ||     2
Evoke: Wand              |       |       |     3 |     6 |     7 ||    16
  Use: Potion            |     1 |     2 |     2 |     4 |     6 ||    15
       Scroll            |       |     6 |     1 |    11 |     8 ||    26
 Stab: Confused          |       |       |     3 |     4 |     6 ||    13
       Distracted        |       |       |     2 |     5 |     3 ||    10
       Sleeping          |       |       |       |     1 |       ||     1
Armor: Robe              |     7 |       |       |       |       ||     7
       Leather armour    |     3 |     9 |       |       |       ||    12
       Ring mail         |       |     9 |    80 |   159 |   143 ||   391
       Skin              |       |       |       |       |    13 ||    13
Dodge: Dodged            |    22 |    39 |    71 |   166 |   154 ||   452

Table legend: (Time is in decaauts)
 A = Elapsed time spent in this place.
 B = Non-inter-level travel time spent in this place.
 C = Inter-level travel time spent in this place.
 D = Time resting spent in this place.
 E = Time spent auto-exploring this place.
 F = Levels seen in this place.
 G = Mean time per level.
                   A        B        C        D        E       F      G
               +--------+--------+--------+--------+--------+-----+--------+
         Total |  29787 |  29134 |    653 |  13026 |  11675 |  20 | 1489.3 |
       Dungeon |  17355 |  16845 |    510 |   6313 |   7991 |  12 | 1446.2 |
        Temple |    119 |    109 |     10 |      0 |     86 |   1 |  119.0 |
          Lair |   5667 |   5608 |     59 |   2196 |   2724 |   5 | 1133.4 |
  Orcish Mines |   6645 |   6572 |     73 |   4517 |    874 |   2 | 3322.5 |
               +--------+--------+--------+--------+--------+-----+--------+

Top non-repeatable levels by time:
   Orc:1: 4134 daAuts
    D:11: 2988 daAuts
   Orc:2: 2510 daAuts
  Lair:2: 2378 daAuts
    D:10: 1976 daAuts
     D:4: 1759 daAuts
     D:5: 1633 daAuts
     D:3: 1585 daAuts
  Lair:1: 1491 daAuts
  Lair:3: 1468 daAuts
     D:9: 1427 daAuts
     D:7: 1198 daAuts
     D:6: 1191 daAuts
     D:1: 1038 daAuts
     D:2: 961 daAuts
